[ AOE2 MATCH · #495127086 ]
UnrankedPoles vs Hindustanis
Player's team · LOSS
[ REPLAY ANALYSIS · EXTRACTED FROM THE RECORDED GAME ]
Feudal
8:59
Castle
20:17
Imperial
32:13
| APM avg | 59.0 |
| APM peak | 108 |
| eAPM avg | 32.9 |
| Villagers / military | 103 / 73 |
Focus
⚔️ 51.7% · 🌾 48.3%
Archer ×25 · Bombard Cannon ×12 · Mangonel ×9 · Trebuchet (Packed) ×8 · Scout Cavalry ×7 · Monk ×6
Feudal
12:10
Castle
16:20
Imperial
32:13
| APM avg | 52.6 |
| APM peak | 90 |
| eAPM avg | 33.2 |
| Villagers / military | 177 / 86 |
Focus
⚔️ 37.0% · 🌾 63.0%
Ghulam ×42 · Camel Scout ×21 · Armored Elephant ×5 · Scorpion ×4 · Trebuchet (Packed) ×4 · Mangonel ×3
Match map
Initial resources + every placement click. Lines = walls · curves = elevation contours. ◆ gold · ⬟ stone · ● berries · ✦ relic · ◌ wall gap
Your base· ✓ Closed at 20:17 · 2t walls · 3 gate(s)
shiXo.#'s base· ✓ Closed at 16:20 · 32t walls · 3 gate(s)
Smoothed initial terrain · ◌ = detected wall gap · hover for details
Inputs per minute
— The Illusionist - - shiXo.#
Build order — The Illusionist
First 150 of 282 actions detected
| 0:01 | Create | Villager (Male) |
| 0:01 | Create | Villager (Male) |
| 0:02 | Build | House |
| 0:04 | Build | House |
| 0:08 | Create | Villager (Male) |
| 0:09 | Create | Villager (Male) |
| 1:09 | Create | Villager (Male) |
| 1:09 | Create | Villager (Male) |
| 1:53 | Create | Villager (Male) |
| 1:53 | Create | Villager (Male) |
| 2:06 | Create | Villager (Male) |
| 2:46 | Build | Lumber Camp |
| 2:57 | Create | Villager (Male) |
| 3:10 | Create | Villager (Male) |
| 3:10 | Create | Villager (Male) |
| 3:30 | Create | Villager (Male) |
| 3:31 | Create | Villager (Male) |
| 3:44 | Create | Villager (Male) |
| 4:08 | Create | Villager (Male) |
| 4:18 | Build | House |
| 4:43 | Create | Villager (Male) |
| 5:14 | Build | Mill |
| 5:17 | Create | Villager (Male) |
| 5:25 | Create | Villager (Male) |
| 5:26 | Create | Villager (Male) |
| 6:49 | Research | Feudal Age |
| 6:49 | Research | Feudal Age |
| 7:09 | Build | House |
| 7:15 | Build | House |
| 7:47 | Build | Mining Camp |
| 8:46 | Build | House |
| 8:59 | Age | Feudal Age |
| 9:03 | Build | Watch Tower |
| 9:07 | Build | Watch Tower |
| 9:07 | Create | Villager (Male) |
| 9:12 | Research | Double-Bit Axe |
| 9:29 | Create | Villager (Male) |
| 9:39 | Create | Villager (Male) |
| 9:43 | Build | Mill |
| 9:55 | Create | Villager (Male) |
| 10:07 | Create | Villager (Male) |
| 10:21 | Research | Horse Collar |
| 10:57 | Create | Villager (Male) |
| 10:59 | Research | Loom |
| 11:34 | Build | Blacksmith |
| 11:42 | Create | Villager (Male) |
| 11:50 | Create | Villager (Male) |
| 12:01 | Build | Farm |
| 12:15 | Research | Fletching |
| 12:28 | Create | Villager (Male) |
| 12:34 | Create | Villager (Male) |
| 12:39 | Create | Villager (Male) |
| 12:39 | Create | Villager (Male) |
| 12:47 | Build | Watch Tower |
| 12:53 | Build | Farm |
| 13:01 | Build | Farm |
| 13:02 | Build | Farm |
| 13:19 | Build | Farm |
| 13:25 | Build | Outpost |
| 13:29 | Build | Outpost |
| 13:30 | Create | Villager (Male) |
| 13:51 | Build | Outpost |
| 13:52 | Research | Town Watch |
| 14:03 | Build | Farm |
| 14:08 | Build | Watch Tower |
| 14:12 | Build | Watch Tower |
| 14:25 | Build | Mining Camp |
| 14:30 | Build | Watch Tower |
| 14:46 | Create | Villager (Male) |
| 15:02 | Build | Watch Tower |
| 15:05 | Build | Farm |
| 15:06 | Build | Farm |
| 15:20 | Create | Villager (Male) |
| 15:47 | Create | Villager (Male) |
| 15:58 | Build | Market |
| 16:14 | Create | Villager (Male) |
| 16:43 | Create | Villager (Male) |
| 17:02 | Build | Watch Tower |
| 17:12 | Create | Villager (Male) |
| 17:36 | Research | Castle Age |
| 18:29 | Create | Villager (Male) |
| 18:32 | Build | Barracks |
| 18:41 | Create | Villager (Male) |
| 19:36 | Create | Villager (Male) |
| 19:50 | Create | Villager (Male) |
| 20:03 | Build | Stable |
| 20:04 | Create | Spearman |
| 20:11 | Build | Stone Wall |
| 20:16 | Build | Stone Wall |
| 20:17 | Age | Castle Age |
| 20:24 | Build | Siege Workshop |
| 20:32 | Create | Spearman |
| 20:47 | Research | Bow Saw |
| 20:47 | Research | Bow Saw |
| 20:59 | Create | Knight |
| 21:00 | Build | House |
| 21:11 | Create | Mangonel |
| 21:21 | Create | Villager (Male) |
| 21:32 | Create | Villager (Male) |
| 21:43 | Create | Villager (Male) |
| 21:46 | Create | Villager (Male) |
| 21:48 | Build | Monastery |
| 22:06 | Create | Villager (Male) |
| 22:52 | Build | Castle |
| 22:55 | Create | Monk |
| 22:56 | Create | Villager (Male) |
| 22:58 | Build | Farm |
| 23:00 | Build | Farm |
| 23:01 | Build | Farm |
| 23:02 | Build | Farm |
| 23:04 | Build | Farm |
| 23:05 | Build | Farm |
| 23:20 | Build | Castle |
| 23:23 | Create | Villager (Male) |
| 23:26 | Create | Scout Cavalry |
| 23:43 | Create | Mangonel |
| 23:43 | Create | Mangonel |
| 23:48 | Build | House |
| 24:05 | Build | House |
| 24:13 | Build | Farm |
| 24:14 | Create | Villager (Male) |
| 24:28 | Build | House |
| 24:29 | Create | Scout Cavalry |
| 24:43 | Build | Farm |
| 24:44 | Create | Villager (Male) |
| 25:12 | Create | Scout Cavalry |
| 25:14 | Build | House |
| 25:15 | Create | Villager (Male) |
| 25:30 | Create | Villager (Male) |
| 25:34 | Create | Mangonel |
| 25:35 | Build | Farm |
| 25:41 | Build | House |
| 26:04 | Create | Villager (Male) |
| 26:05 | Create | Villager (Male) |
| 26:14 | Create | Villager (Male) |
| 26:18 | Research | Light Cavalry (upgrade) |
| 26:30 | Create | Villager (Male) |
| 26:33 | Build | House |
| 26:43 | Create | Villager (Male) |
| 26:50 | Create | Scout Cavalry |
| 26:57 | Create | Mangonel |
| 26:58 | Create | Mangonel |
| 26:59 | Create | Villager (Male) |
| 27:00 | Build | House |
| 27:08 | Create | Scout Cavalry |
| 27:09 | Create | Scout Cavalry |
| 27:15 | Create | Monk |
| 27:28 | Create | Villager (Male) |
| 27:36 | Build | House |
| 27:57 | Build | Outpost |
Build order — shiXo.#
First 150 of 420 actions detected
| 0:00 | Create | Villager (Male) |
| 0:00 | Create | Villager (Male) |
| 0:01 | Build | House |
| 0:02 | Build | House |
| 0:20 | Create | Villager (Male) |
| 0:20 | Create | Villager (Male) |
| 1:13 | Create | Villager (Male) |
| 1:31 | Create | Villager (Male) |
| 2:08 | Create | Villager (Male) |
| 2:08 | Create | Villager (Male) |
| 2:19 | Build | Lumber Camp |
| 2:27 | Create | Villager (Male) |
| 2:32 | Create | Villager (Male) |
| 3:00 | Create | Villager (Male) |
| 3:13 | Create | Villager (Male) |
| 3:21 | Create | Villager (Male) |
| 3:22 | Build | House |
| 3:23 | Build | House |
| 4:10 | Create | Villager (Male) |
| 4:11 | Create | Villager (Male) |
| 4:20 | Build | Palisade Wall |
| 4:22 | Build | Palisade Wall |
| 4:23 | Build | Palisade Wall |
| 4:25 | Build | Palisade Wall |
| 4:28 | Build | Palisade Gate |
| 4:33 | Create | Villager (Male) |
| 4:42 | Build | Palisade Gate |
| 4:44 | Build | House |
| 4:52 | Create | Villager (Male) |
| 5:01 | Build | Palisade Wall |
| 5:13 | Build | Palisade Wall |
| 5:15 | Build | Palisade Wall |
| 5:17 | Build | Palisade Wall |
| 5:26 | Create | Villager (Male) |
| 5:55 | Create | Villager (Male) |
| 6:11 | Create | Villager (Male) |
| 6:21 | Create | Villager (Male) |
| 6:22 | Create | Villager (Male) |
| 6:43 | Create | Villager (Male) |
| 6:43 | Create | Villager (Male) |
| 6:54 | Build | Mill |
| 8:23 | Build | Farm |
| 8:25 | Build | Farm |
| 8:42 | Build | Lumber Camp |
| 8:46 | Build | Mining Camp |
| 9:09 | Build | Mining Camp |
| 9:17 | Build | House |
| 9:21 | Build | Palisade Wall |
| 9:23 | Create | Villager (Male) |
| 9:25 | Research | Loom |
| 9:27 | Create | Villager (Male) |
| 9:30 | Build | Palisade Wall |
| 9:36 | Build | Palisade Wall |
| 9:49 | Create | Villager (Male) |
| 9:53 | Research | Feudal Age |
| 10:19 | Build | Palisade Wall |
| 10:56 | Create | Villager (Male) |
| 11:08 | Create | Villager (Male) |
| 11:27 | Create | Villager (Male) |
| 11:40 | Create | Villager (Male) |
| 11:41 | Build | House |
| 12:10 | Age | Feudal Age |
| 12:25 | Build | Stone Wall |
| 12:29 | Build | Stone Wall |
| 12:40 | Create | Villager (Male) |
| 12:40 | Create | Villager (Male) |
| 12:45 | Build | Blacksmith |
| 12:49 | Build | Market |
| 12:50 | Create | Villager (Male) |
| 12:50 | Create | Villager (Male) |
| 13:16 | Build | Palisade Wall |
| 13:19 | Build | Palisade Wall |
| 13:40 | Research | Castle Age |
| 13:53 | Research | Double-Bit Axe |
| 13:54 | Research | Horse Collar |
| 13:55 | Create | Villager (Male) |
| 14:02 | Build | Farm |
| 14:05 | Build | Farm |
| 14:07 | Create | Villager (Male) |
| 14:14 | Build | Palisade Wall |
| 14:31 | Build | House |
| 14:43 | Build | Palisade Wall |
| 14:44 | Build | Palisade Wall |
| 14:52 | Build | Palisade Wall |
| 15:09 | Build | Farm |
| 16:20 | Age | Castle Age |
| 16:21 | Create | Villager (Male) |
| 16:24 | Build | Siege Workshop |
| 16:33 | Build | Farm |
| 16:33 | Build | Farm |
| 16:43 | Research | Bow Saw |
| 16:54 | Build | Farm |
| 16:56 | Create | Armored Elephant |
| 17:11 | Create | Scorpion |
| 17:12 | Create | Villager (Male) |
| 17:16 | Create | Scorpion |
| 18:09 | Create | Villager (Male) |
| 18:09 | Create | Villager (Male) |
| 18:13 | Build | Town Center |
| 18:31 | Create | Villager (Male) |
| 18:33 | Build | Farm |
| 18:56 | Create | Villager (Male) |
| 19:07 | Create | Villager (Male) |
| 19:13 | Build | Farm |
| 19:13 | Create | Villager (Male) |
| 19:15 | Create | Villager (Male) |
| 19:31 | Build | Palisade Gate |
| 19:39 | Create | Villager (Male) |
| 19:39 | Create | Villager (Male) |
| 19:57 | Build | Farm |
| 19:58 | Build | Farm |
| 20:01 | Create | Villager (Male) |
| 20:02 | Create | Villager (Male) |
| 20:02 | Create | Villager (Male) |
| 20:04 | Build | Farm |
| 20:07 | Build | Farm |
| 20:07 | Build | Farm |
| 20:08 | Build | Farm |
| 20:27 | Build | Stone Wall |
| 20:29 | Create | Villager (Male) |
| 20:30 | Create | Villager (Male) |
| 20:32 | Build | Farm |
| 20:33 | Create | Scorpion |
| 20:48 | Create | Villager (Male) |
| 20:55 | Build | Monastery |
| 20:57 | Build | Farm |
| 21:02 | Build | Monastery |
| 21:03 | Create | Villager (Male) |
| 21:04 | Create | Villager (Male) |
| 21:14 | Build | House |
| 21:15 | Build | House |
| 21:51 | Create | Monk |
| 21:52 | Create | Villager (Male) |
| 21:52 | Create | Villager (Male) |
| 21:52 | Create | Villager (Male) |
| 21:53 | Create | Villager (Male) |
| 21:54 | Build | Farm |
| 21:55 | Build | Farm |
| 21:55 | Create | Villager (Male) |
| 22:08 | Create | Villager (Male) |
| 22:14 | Create | Mangonel |
| 22:24 | Create | Villager (Male) |
| 22:24 | Create | Villager (Male) |
| 22:31 | Create | Villager (Male) |
| 22:33 | Build | Farm |
| 23:00 | Build | Farm |
| 23:00 | Create | Villager (Male) |
| 23:00 | Create | Villager (Male) |
| 23:01 | Create | Villager (Male) |
| 23:01 | Create | Villager (Male) |
Match timeline
| 4:20 | shiXo.# · wall_segment Palisade Wall x1 |
| 4:22 | shiXo.# · wall_segment Palisade Wall x1 |
| 4:23 | shiXo.# · wall_segment Palisade Wall x1 |
| 4:25 | shiXo.# · wall_segment Palisade Wall x1 |
| 5:01 | shiXo.# · wall_segment Palisade Wall x1 |
| 5:13 | shiXo.# · wall_segment Palisade Wall x1 |
| 5:15 | shiXo.# · wall_segment Palisade Wall x1 |
| 5:17 | shiXo.# · wall_segment Palisade Wall x1 |
| 8:59 | The Illusionist · age_up feudal |
| 9:21 | shiXo.# · wall_segment Palisade Wall x5 |
| 9:30 | shiXo.# · wall_segment Palisade Wall x1 |
| 9:36 | shiXo.# · wall_segment Palisade Wall x1 |
| 10:19 | shiXo.# · wall_segment Palisade Wall x4 |
| 12:10 | shiXo.# · age_up feudal |
| 12:25 | shiXo.# · wall_segment Stone Wall x1 |
| 12:29 | shiXo.# · wall_segment Stone Wall x1 |
| 13:16 | shiXo.# · wall_segment Palisade Wall x5 |
| 13:19 | shiXo.# · wall_segment Palisade Wall x2 |
| 14:14 | shiXo.# · wall_segment Palisade Wall x1 |
| 14:43 | shiXo.# · wall_segment Palisade Wall x3 |
| 14:44 | shiXo.# · wall_segment Palisade Wall x1 |
| 14:52 | shiXo.# · wall_segment Palisade Wall x1 |
| 16:20 | shiXo.# · age_up castle |
| 16:24 | shiXo.# · first_building Siege Workshop |
| 17:15 | shiXo.# · first_market_buy 100 wood |
| 17:21 | The Illusionist · first_market_sell 100 wood |
| 17:22 | The Illusionist · first_market_buy 100 food |
| 18:32 | The Illusionist · first_building Barracks |
| 20:03 | The Illusionist · first_building Stable |
| 20:11 | The Illusionist · wall_segment Stone Wall x1 |
| 20:16 | The Illusionist · wall_segment Stone Wall x1 |
| 20:17 | The Illusionist · age_up castle |
| 20:24 | The Illusionist · first_building Siege Workshop |
| 20:27 | shiXo.# · wall_segment Stone Wall x1 |
| 20:55 | shiXo.# · first_building Monastery |
| 21:48 | The Illusionist · first_building Monastery |
| 22:52 | The Illusionist · first_building Castle |
| 27:23 | shiXo.# · first_building Barracks |
| 29:05 | shiXo.# · first_market_sell 100 wood |
| 29:10 | shiXo.# · first_building Castle |
| 30:53 | The Illusionist · first_building Archery Range |
| 31:21 | The Illusionist · wall_segment Stone Wall x1 |
| 31:51 | The Illusionist · wall_segment Stone Wall x1 |
| 31:54 | The Illusionist · wall_segment Stone Wall x1 |
| 32:13 | shiXo.# · age_up imperial |
| 32:13 | The Illusionist · age_up imperial |
| 32:15 | The Illusionist · wall_segment Stone Wall x2 |
| 36:06 | shiXo.# · first_building Stable |
| 44:05 | The Illusionist · resign |
[ AI ANALYSIS · 1 CREDIT ]
What really happened in this match?
Wolo.gg analyzes every decision: build order, eco, micro, common mistakes by bracket. Personalized analysis on WhatsApp or Discord in 30 seconds.
Civ guide
Poles
Perfil
Jugador #1389164